[Event "2024 Norbert Muller Cup (Division A)"]
[Site "Woodvale, Perth WA AUS"]
[Date "2024.10.09"]
[Round "1"]
[White "Balavignan, Ashvin"]
[Black "Gibson, Jacob"]
[Result "1-0"]
[ECO "D46"]
[WhiteElo "2143"]
[BlackElo "2031"]
[PlyCount "65"]
[EventDate "2024.10.09"]
[EventType "tourn"]
[EventRounds "7"]
[EventCountry "AUS"]
[TimeControl "3600+30"]

1. d4 d5 2. c4 c6 3. Nc3 Nf6 4. e3 e6 5. Nf3 Nbd7 6. Be2 Bd6 7. O-O O-O 8. Qc2
dxc4 9. a4 e5 10. Bxc4 exd4 11. Nxd4 Ne5 12. Be2 a6 13. Rd1 c5 14. Nf5 Bxf5 15.
Qxf5 Qe7 16. e4 g6 17. Qh3 Qc7 18. f4 Nc6 19. e5 Nxe5 20. fxe5 Bxe5 21. Bf3
Rfe8 22. Bg5 Bd4+ 23. Kh1 Qe5 24. Bxf6 Qxf6 25. Bxb7 Rab8 26. Rf1 Qb6 27. Bd5
Rf8 28. Ne4 Qd8 29. Bc4 Rxb2 30. Rad1 Qe7 31. Rxd4 Kg7 32. Rd7 Qxe4 33. Rfxf7+
1-0

[Event "2024 Norbert Muller Cup (Division A)"]
[Site "Woodvale, Perth WA AUS"]
[Date "2024.10.09"]
[Round "1"]
[White "Rahmani, Noor"]
[Black "Maris, Rob"]
[Result "1-0"]
[ECO "B57"]
[WhiteElo "2244"]
[BlackElo "2088"]
[PlyCount "75"]
[EventDate "2024.10.09"]
[EventType "tourn"]
[EventRounds "7"]
[EventCountry "AUS"]
[TimeControl "3600+30"]

1. e4 c5 2. Nf3 Nc6 3. d4 cxd4 4. Nxd4 Nf6 5. Nc3 d6 6. Bc4 Qb6 7. Be3 Qa5 8.
O-O a6 9. Nb3 Qd8 10. f3 b5 11. Bd5 Bb7 12. Qe2 e6 13. Bxc6+ Bxc6 14. Rad1 Qc7
15. Qf2 Nd7 16. Qg3 b4 17. Ne2 Be7 18. Ned4 g6 19. Rc1 Ba4 20. c3 Bxb3 21. Nxb3
Ne5 22. cxb4 Qd7 23. Rfd1 Nc6 24. a3 Rc8 25. Rc3 Bf6 26. Rxd6 Be5 27. Rxd7 Bxg3
28. Nc5 Be5 29. Rcd3 Bxb2 30. f4 Nb8 31. R7d6 a5 32. b5 Ke7 33. e5 Rhd8 34. Nb7
Rd7 35. Nxa5 Rc3 36. Rxd7+ Nxd7 37. Rxc3 Bxc3 38. Nc6+ 1-0

[Event "2024 Norbert Muller Cup (Division A)"]
[Site "Woodvale, Perth WA AUS"]
[Date "2024.10.09"]
[Round "1"]
[White "Saxon, Marc"]
[Black "Clarke, Daniel"]
[Result "1/2-1/2"]
[ECO "E01"]
[WhiteElo "2030"]
[BlackElo "1951"]
[PlyCount "110"]
[EventDate "2024.10.09"]
[EventType "tourn"]
[EventRounds "7"]
[EventCountry "AUS"]
[TimeControl "3600+30"]

1. Nf3 Nf6 2. d4 e6 3. g3 d5 4. Bg2 c5 5. c4 Nc6 6. cxd5 Qxd5 7. Nc3 Qd8 8. Qa4
Bd7 9. dxc5 Bxc5 10. O-O O-O 11. Rd1 Qb6 12. Qh4 Bxf2+ 13. Kh1 Ne7 14. e4 Ng6
15. Qh3 Bc6 16. Ng5 e5 17. Nd5 Bxd5 18. exd5 Rad8 19. b3 Be3 20. g4 Bxc1 21.
Raxc1 Nf4 22. Qf3 Nxg2 23. Qxg2 Qe3 24. h4 Rxd5 25. Re1 Qf4 26. Rf1 Qd2 27.
Qxd2 Rxd2 28. Rc7 Nxg4 29. Nxf7 Ne3 30. Rf3 Rd1+ 31. Kh2 Ng4+ 32. Kh3 Nf6 33.
Nxe5 Rh1+ 34. Kg2 Rxh4 35. Rxb7 Rh5 36. Nc6 Rg5+ 37. Kf1 Nd5 38. Rxf8+ Kxf8 39.
Nd4 Rg6 40. Rxa7 h5 {(=)} 41. Ra5 Ne3+ 42. Ke2 Ng2 43. Kf2 Nf4 44. Kf3 Rf6 45.
Rf5 Nd5 46. Rxf6+ Nxf6 47. a4 Ke7 48. Nf5+ Kd7 49. Nxg7 Kc6 50. Kf4 Kc5 51. Kf5
Nd5 52. Nxh5 Kb4 53. Ke5 Nb6 54. Kd4 Nxa4 55. bxa4 Kxa4 1/2-1/2

[Event "2024 Norbert Muller Cup (Division B)"]
[Site "Woodvale, Perth WA AUS"]
[Date "2024.10.09"]
[Round "1"]
[White "Leonhardt, Wolfgang"]
[Black "Stortz, Robert"]
[Result "0-1"]
[ECO "B15"]
[WhiteElo "1680"]
[BlackElo "1838"]
[PlyCount "112"]
[EventDate "2024.10.09"]
[EventType "tourn"]
[EventRounds "7"]
[EventCountry "AUS"]
[TimeControl "3600+30"]

1. e4 c6 2. Nc3 d5 3. d4 dxe4 4. Nxe4 Nf6 5. Ng3 h5 6. h4 Bg4 7. Qd3 Qc7 8.
N1e2 e6 9. Bf4 Bd6 10. Bxd6 Qxd6 11. O-O-O Nd5 12. Ne4 Qc7 13. f3 Bf5 14. Qd2
Nd7 15. c4 N5f6 16. Ng5 Nb6 17. Nc3 Rd8 18. Nge4 Nfd7 19. Be2 e5 20. Qg5 Bg6
21. c5 Nc8 22. Rhe1 O-O 23. g4 exd4 24. Rxd4 Qe5 25. Red1 Qc7 26. gxh5 Bxe4 27.
Nxe4 f6 28. Bc4+ Kh8 29. Qg2 Ne5 30. Bb3 Rxd4 31. Rxd4 Rd8 32. Rxd8+ Qxd8 33.
h6 Qf8 34. f4 Nd3+ 35. Kd2 Nxf4 36. Qg3 Nd5 37. Nd6 gxh6 38. Bc2 Nce7 39. Nxb7
Qg7 40. Qb8+ Ng8 41. Nd8 Qg2+ 42. Kc1 Qg1+ 43. Bd1 Qxc5+ 44. Kb1 Qe7 45. Nxc6
Qe4+ 46. Ka1 Nc3 47. bxc3 Qxc6 48. Qg3 a5 49. Bb3 Qe8 50. Qg1 Qc8 51. c4 a4 52.
Bc2 Qxc4 53. Qg6 Qc7 54. Qd3 a3 55. Kb1 Qb7+ 56. Ka1 Qb2# 0-1

[Event "2024 Norbert Muller Cup (Division B)"]
[Site "Woodvale, Perth WA AUS"]
[Date "2024.10.09"]
[Round "1"]
[White "Knight, Charles"]
[Black "Roebuck, Derek"]
[Result "1/2-1/2"]
[ECO "C29"]
[WhiteElo "1673"]
[BlackElo "1774"]
[PlyCount "102"]
[EventDate "2024.10.09"]
[EventType "tourn"]
[EventRounds "7"]
[EventCountry "AUS"]
[TimeControl "3600+30"]

1. e4 e5 2. Nc3 Nf6 3. f4 d5 4. fxe5 Nxe4 5. Nf3 Bc5 6. d4 Bb4 7. Bd2 c5 8.
Nxe4 dxe4 9. Bxb4 cxb4 10. Ng1 O-O 11. Bc4 Nc6 12. c3 Bf5 13. Ne2 Na5 14. Bb5
a6 15. Ba4 Nc4 16. Qc1 e3 17. O-O Qg5 18. Ng3 Bd3 {(=)} 19. Rf3 Nd2 20. Qd1
Nxf3+ 21. Qxf3 bxc3 22. bxc3 b5 23. Bb3 Rac8 24. Re1 Rxc3 25. Qxe3 Qxe3+ 26.
Rxe3 Rc1+ 27. Kf2 Bc4 28. Bxc4 Rxc4 29. d5 Rd4 30. Nf5 Rf4+ 31. Rf3 Rxf3+ 32.
Kxf3 Rd8 33. Ke4 Kf8 34. d6 g6 35. Nd4 Ke8 36. Kd5 Rc8 37. Nc6 Kd7 38. Nd4 b4
39. Nb3 Rc2 40. Nc5+ Kd8 41. Nxa6 Rxa2 42. Nxb4 Ra5+ 43. Kc4 Ra8 44. Kc5 Rc8+
45. Kd5 Kd7 46. Na6 Ra8 47. Nc5+ Kd8 48. Kc6 Rc8+ 49. Kb6 Rb8+ 50. Ka7 Rc8 51.
Kb6 Rb8+ 1/2-1/2

[Event "2024 Norbert Muller Cup (Division B)"]
[Site "Woodvale, Perth WA AUS"]
[Date "2024.10.09"]
[Round "1"]
[White "Elkington, Derek"]
[Black "Kerr, Lennon"]
[Result "0-1"]
[ECO "C02"]
[WhiteElo "1891"]
[BlackElo "1691"]
[PlyCount "72"]
[EventDate "2024.10.09"]
[EventType "tourn"]
[EventRounds "7"]
[EventCountry "AUS"]
[TimeControl "3600+30"]

1. e4 e6 2. d4 d5 3. e5 c5 4. c3 Nc6 5. Nf3 Qb6 6. a3 c4 7. Nbd2 Na5 8. Ng5 h6
9. Nh3 Bd7 10. f4 Ne7 11. Qf3 g6 12. g4 O-O-O 13. Be2 Bg7 14. O-O Kb8 15. Kh1
Rdf8 16. Qg3 Ka8 17. Bd1 f6 18. exf6 Bxf6 19. Rb1 g5 20. b4 cxb3 21. Nxb3 Nxb3
22. Rxb3 Qa6 23. Re1 gxf4 24. Bxf4 Ba4 25. Be2 Qc6 26. Rb4 Bc2 27. Bb5 Qc8 28.
Re2 Be4+ 29. Kg1 Nf5 30. Qe1 Nh4 31. Qa1 Rhg8 32. Kf1 Rxg4 33. Reb2 Qxc3 34.
R4b3 Bg2+ 35. Ke2 Qxd4 36. Ba6 b6 {Time expired} 0-1

[Event "2024 Norbert Muller Cup (Division C)"]
[Site "Woodvale, Perth WA AUS"]
[Date "2024.10.09"]
[Round "1"]
[White "Garang, Kuol Awan"]
[Black "Verma, Abhinav"]
[Result "0-1"]
[ECO "B21"]
[WhiteElo "1667"]
[BlackElo "1599"]
[PlyCount "86"]
[EventDate "2024.10.09"]
[EventType "tourn"]
[EventRounds "7"]
[EventCountry "AUS"]
[TimeControl "3600+30"]

1. e4 c5 2. f4 Nc6 3. Nf3 e6 4. Bb5 a6 5. Be2 d5 6. e5 Nge7 7. g4 Ng6 8. d3 Be7
9. c3 Bh4+ 10. Kf1 f6 11. d4 fxe5 12. dxe5 O-O 13. h3 Nxf4 14. Bxf4 Rxf4 15.
Kg2 b5 16. Qd2 Rf7 17. g5 Rf5 18. Nxh4 Rxg5+ 19. Kh2 d4 20. Nf3 Rf5 21. Rg1
Nxe5 22. Nxe5 Qd6 23. Rg3 Qxe5 24. Bg4 Rf1 25. Qg2 Qf4 26. Bf3 Bb7 27. Qxf1 Rf8
28. Kg2 e5 29. Qe2 e4 30. Nd2 d3 31. Qd1 e3 32. Qb3+ c4 33. Nxc4 Bxf3+ 34. Kh2
bxc4 35. Qb6 Bd5 36. Rag1 Qf2+ 37. R1g2 Bxg2 38. Qe6+ Qf7 39. Qxe3 Bd5 40. Rg5
Qf2+ 41. Qxf2 Rxf2+ 42. Kg3 Rg2+ 43. Kf4 Rxg5 0-1

[Event "2024 Norbert Muller Cup (Division C)"]
[Site "Woodvale, Perth WA AUS"]
[Date "2024.10.09"]
[Round "1"]
[White "Sethuraman, Jaswanth Ram"]
[Black "Weijermars, Tristan"]
[Result "1-0"]
[ECO "B30"]
[WhiteElo "1526"]
[BlackElo "1616"]
[PlyCount "113"]
[EventDate "2024.10.09"]
[EventType "tourn"]
[EventRounds "7"]
[EventCountry "AUS"]
[TimeControl "3600+30"]

1. e4 c5 2. Nf3 Nc6 3. Bc4 e6 4. Nc3 g6 5. O-O Bg7 6. Re1 Nge7 7. d3 b6 8. Bg5
O-O 9. Qc1 Bb7 10. Bh6 Na5 11. Bb3 d5 12. exd5 Nxb3 13. axb3 Nxd5 14. Nxd5 Qxd5
15. Bxg7 Kxg7 16. Qe3 a5 17. Qe5+ Qxe5 18. Nxe5 Rad8 19. Nc4 b5 20. Nxa5 Ba8
21. Re5 Rd5 22. Rxd5 exd5 23. Re1 f6 24. Re6 Rc8 25. Rb6 c4 26. bxc4 bxc4 27.
dxc4 dxc4 28. c3 Rd8 29. h3 Rd1+ 30. Kh2 Rd2 31. Kg3 Rd3+ 32. f3 Bd5 33. Rb4
Rd2 34. Nxc4 Bxc4 35. Rxc4 Rxb2 36. Rc7+ Kh6 37. c4 g5 38. c5 Kg6 39. c6 Rb8
40. Rd7 Rc8 41. c7 h5 42. f4 Kf5 43. fxg5 fxg5 44. Kf3 Ke6 45. Rh7 g4+ 46. hxg4
hxg4+ 47. Kxg4 Rg8+ 48. Kf4 Rf8+ 49. Ke4 Rg8 50. Rg7 Re8 51. Kd4 Kd6 52. g4 Ra8
53. Kc4 Rc8 54. g5 Kc6 55. g6 Rf8 56. Rf7 Kb7 57. Rxf8 1-0

[Event "2024 Norbert Muller Cup (Division D)"]
[Site "Woodvale, Perth WA AUS"]
[Date "2024.10.09"]
[Round "1"]
[White "Nauom, Rafik"]
[Black "Gough, Sebastian"]
[Result "1/2-1/2"]
[ECO "B01"]
[WhiteElo "1493"]
[BlackElo "1241"]
[PlyCount "120"]
[EventDate "2024.10.09"]
[EventType "swiss"]
[EventRounds "7"]
[EventCountry "AUS"]
[TimeControl "3600+30"]

1. e4 d5 2. exd5 Qxd5 3. Nc3 Qa5 4. Nf3 c6 5. d4 Nf6 6. Bc4 e6 7. a3 Qc7 8. Bg5
Be7 9. Qe2 O-O 10. h4 h6 11. Bxf6 Bxf6 12. g4 Qb6 13. O-O-O Rd8 14. Na4 Qc7 15.
Nc5 Qf4+ 16. Qe3 Qxe3+ 17. fxe3 b6 18. Ne4 Nd7 19. g5 hxg5 20. hxg5 b5 21. Bb3
Be7 22. g6 Nf6 23. Neg5 fxg6 24. Ne5 Nd5 25. Rdg1 Bxg5 26. Rxg5 Nxe3 27. Nxc6
Rd6 28. Ne7+ Kf7 29. Nxc8 Rxc8 30. Re1 Nd5 31. Rf1+ Nf6 32. Rfg1 Rxd4 33. Rxg6
Nh5 34. Rxe6 Kf8 35. Rh1 Nf6 36. Rxf6+ gxf6 37. Rh8+ Ke7 38. Rxc8 a5 39. Rc7+
Kd6 40. Rc3 b4 41. Rd3 Kc5 42. Rxd4 Kxd4 43. Kd2 f5 44. Ke2 Ke4 45. Kf2 f4 46.
Bc4 Kd4 47. Bd3 bxa3 48. bxa3 Kc3 49. a4 Kb4 50. Bb5 Kc3 51. Bd3 Kb4 52. Kf3
Kxa4 53. Kxf4 Kb4 54. Ke5 Kc3 55. Kd5 a4 56. Kc5 a3 57. Bc4 Kxc2 58. Kb4 Kb2
59. Bd5 a2 60. Bxa2 Kxa2 1/2-1/2

[Event "2024 Norbert Muller Cup (Division D)"]
[Site "Woodvale, Perth WA AUS"]
[Date "2024.10.09"]
[Round "1"]
[White "Owen, Geoff"]
[Black "Boswarva, Ernest"]
[Result "0-1"]
[ECO "C41"]
[WhiteElo "1211"]
[BlackElo "1456"]
[PlyCount "66"]
[EventDate "2024.10.09"]
[EventType "swiss"]
[EventRounds "7"]
[EventCountry "AUS"]
[TimeControl "3600+30"]

1. e4 d6 2. d4 Nf6 3. Nc3 Nbd7 4. Bc4 e5 5. Nf3 Be7 6. Ng5 O-O 7. dxe5 dxe5 8.
O-O c6 9. Ne2 h6 10. Nf3 Nxe4 11. Qd3 Nef6 12. Ng3 Qc7 13. Nf5 Nc5 14. Nxh6+
gxh6 15. Qd2 Ng4 16. h3 Rd8 17. Qc3 Ne4 18. Qb3 Ngxf2 19. Bxf7+ Kg7 20. Re1 Bc5
21. Bxh6+ Kxh6 22. Kh2 Rf8 23. Rxe4 Nxe4 24. g4 Rxf7 25. Rf1 Rf4 26. Qg8 Qf7
27. g5+ Nxg5 28. Qxg5+ Kh7 29. Nxe5 Rf2+ 30. Kg3 Qg7 31. h4 Qxg5+ 32. hxg5 Rxf1
33. g6+ Kg7 0-1

[Event "2024 Norbert Muller Cup (Division D)"]
[Site "Woodvale, Perth WA AUS"]
[Date "2024.10.09"]
[Round "1"]
[White "Brooke, John"]
[Black "Young, Manfred"]
[Result "1-0"]
[ECO "C25"]
[WhiteElo "1417"]
[BlackElo "1167"]
[PlyCount "53"]
[EventDate "2024.10.09"]
[EventType "swiss"]
[EventRounds "7"]
[EventCountry "AUS"]
[TimeControl "3600+30"]

1. e4 Nc6 2. Nc3 e5 3. Bc4 Bb4 4. a3 Nf6 5. axb4 Nxb4 6. Nf3 d5 7. exd5 Nbxd5
8. Nxe5 O-O 9. O-O Be6 10. Nxd5 Nxd5 11. Qf3 Qd6 12. d4 c6 13. Re1 Rfe8 14. b3
Nb4 15. Ba3 c5 16. dxc5 Qd2 17. Bxb4 Qxb4 18. Bxe6 Rxe6 19. Nd3 Qc3 20. Rac1
Rae8 21. Rxe6 Rxe6 22. Qxb7 h6 23. Qxa7 Re2 24. Qa2 Qd2 25. h3 Qxd3 26. cxd3
Rxa2 27. d4 1-0

[Event "2024 Norbert Muller Cup (Division D)"]
[Site "Woodvale, Perth WA AUS"]
[Date "2024.10.09"]
[Round "1"]
[White "Dawoud, Ahmad"]
[Black "Hounsome, David"]
[Result "1-0"]
[ECO "D00"]
[WhiteElo "1120"]
[BlackElo "1375"]
[PlyCount "87"]
[EventDate "2024.10.09"]
[EventType "swiss"]
[EventRounds "7"]
[EventCountry "AUS"]
[TimeControl "3600+30"]

1. d4 d5 2. Bf4 Nf6 3. e3 b6 4. Bb5+ Nbd7 5. Bxd7+ Qxd7 6. Nd2 Bb7 7. Ngf3 e6
8. a3 c5 9. Ne5 Qd8 10. c3 Bd6 11. Qa4+ Ke7 12. Qd1 h6 13. h3 cxd4 14. exd4
Bxe5 15. Bxe5 Rg8 16. Bxf6+ gxf6 17. Rg1 Qd6 18. g4 e5 19. Qe2 Kf8 20. Qb5 Re8
21. O-O-O a6 22. Qb4 Qxb4 23. axb4 Bc8 24. f3 f5 25. Rge1 f6 26. dxe5 fxe5 27.
gxf5 Bxf5 28. h4 Rg7 29. Rg1 Rge7 30. Rg2 Rg7 31. Rxg7 Kxg7 32. Nb3 Be6 33. Re1
Kf6 34. f4 exf4 35. Nd4 Re7 36. Rf1 Kg6 37. Rxf4 Rf7 38. Nxe6 Re7 39. Nd4 Re4
40. Rxe4 dxe4 41. Kd2 Kh5 42. Ke3 Kxh4 43. Nf5+ Kg5 44. Kxe4 1-0

[Event "2024 Norbert Muller Cup (Division D)"]
[Site "Woodvale, Perth WA AUS"]
[Date "2024.10.09"]
[Round "1"]
[White "Pass, Tony"]
[Black "Melbin, Sam"]
[Result "1-0"]
[ECO "D02"]
[WhiteElo "1360"]
[BlackElo "1058"]
[PlyCount "110"]
[EventDate "2024.10.09"]
[EventType "swiss"]
[EventRounds "7"]
[EventCountry "AUS"]
[TimeControl "3600+30"]

1. d4 d5 2. Nf3 Nc6 3. e3 Bf5 4. a3 e6 5. Be2 Bd6 6. b3 Nge7 7. Bb2 Ng6 8. Bb5
Qd7 9. Ne5 Ngxe5 10. dxe5 Be7 11. h4 h6 12. Nd2 a6 13. Bd3 Bxd3 14. cxd3 d4 15.
Nf3 Bc5 16. Rc1 Ba7 17. e4 f6 18. exf6 gxf6 19. b4 e5 20. h5 O-O-O 21. Nh4 Ne7
22. Rc2 Rhg8 23. Bc1 Rh8 24. Qf3 Qe6 25. Nf5 Nxf5 26. Qxf5 Qxf5 27. exf5 Rdg8
28. Rg1 Kd7 29. f3 Kd6 30. g4 c6 31. Re2 Rg7 32. f4 exf4 33. Bxf4+ Kd7 34. Kd2
Re7 35. Rxe7+ Kxe7 36. Ke2 Bb8 37. Kf3 Bxf4 38. Kxf4 Kd6 39. Re1 Kd5 40. Re7 b5
41. Rf7 Re8 42. Rxf6 Re3 43. Rxh6 Rxd3 44. Re6 Rh3 45. h6 d3 46. Re3 Rxh6 47.
Rxd3+ Kc4 48. Rg3 c5 49. g5 Rh4+ 50. Ke5 cxb4 51. axb4 Kxb4 52. g6 Rh8 53. g7
Rg8 54. f6 Re8+ 55. Kf5 Ka4 1-0

[Event "2024 Norbert Muller Cup (Division D)"]
[Site "Woodvale, Perth WA AUS"]
[Date "2024.10.09"]
[Round "1"]
[White "Markou, Victor"]
[Black "Porteus, Grant"]
[Result "0-1"]
[ECO "B10"]
[WhiteElo "1051"]
[BlackElo "1340"]
[PlyCount "58"]
[EventDate "2024.10.09"]
[EventType "swiss"]
[EventRounds "7"]
[EventCountry "AUS"]
[TimeControl "3600+30"]

1. e4 c6 2. Nf3 d5 3. d3 dxe4 4. Nfd2 exd3 5. Bxd3 Nf6 6. O-O Bg4 7. f3 Bh5 8.
Re1 e6 9. Nc3 Bc5+ 10. Kh1 Nbd7 11. Nde4 Nxe4 12. Nxe4 Be7 13. Ng3 Bg6 14. Bxg6
hxg6 15. b3 Bh4 16. Re2 Bxg3 17. h3 Qc7 18. Bb2 f6 19. Qd3 Rh6 20. Rxe6+ Kf7
21. Re2 Rah8 22. Rd1 Nb6 23. Rf1 Nd5 24. c4 Nf4 25. Qe3 Nxe2 26. Qxe2 Rxh3+ 27.
gxh3 Rxh3+ 28. Kg2 Rh2+ 29. Kg1 Rxe2 0-1

[Event "2024 Norbert Muller Cup (Division D)"]
[Site "Woodvale, Perth WA AUS"]
[Date "2024.10.09"]
[Round "1"]
[White "Rennie, Mike"]
[Black "Powell, Darren"]
[Result "0-1"]
[ECO "C44"]
[WhiteElo "921"]
[BlackElo "1246"]
[PlyCount "54"]
[EventDate "2024.10.09"]
[EventType "swiss"]
[EventRounds "7"]
[EventCountry "AUS"]
[TimeControl "3600+30"]

1. e4 e5 2. d3 Nc6 3. Nf3 h6 4. Be2 Bc5 5. Be3 Bxe3 6. fxe3 d6 7. Nc3 Nf6 8. h3
Be6 9. a3 d5 10. Nxd5 Bxd5 11. exd5 Nxd5 12. Qd2 Qf6 13. c4 Nde7 14. O-O-O O-O
15. g4 Rad8 16. Qc3 b6 17. h4 Rd6 18. Rhf1 Qe6 19. g5 Nf5 20. c5 bxc5 21. Qxc5
Rb8 22. Rd2 Ra8 23. Rg1 Nce7 24. gxh6 Rc6 25. Qc2 Rxc2+ 26. Rxc2 Qxh6 27. Kd1
Nxe3+ 0-1

[Event "2024 Norbert Muller Cup (Division A)"]
[Site "Woodvale, Perth WA AUS"]
[Date "2024.10.16"]
[Round "2"]
[White "Gibson, Jacob"]
[Black "Clarke, Daniel"]
[Result "1-0"]
[ECO "C55"]
[WhiteElo "2031"]
[BlackElo "1951"]
[PlyCount "81"]
[EventDate "2024.10.09"]
[EventType "tourn"]
[EventRounds "7"]
[EventCountry "AUS"]
[TimeControl "3600+30"]

1. e4 e5 2. Nf3 Nc6 3. Bc4 Be7 4. O-O Nf6 5. Nc3 Nxe4 6. Nxe4 d5 7. Bb5 dxe4 8.
Nxe5 Qd5 9. Nxc6 bxc6 10. Ba4 O-O 11. d3 Bd6 12. d4 Qe6 13. Re1 Qg6 14. Qe2 Re8
15. Qe3 h6 16. f4 Bb4 17. Bd2 Bxd2 18. Qxd2 Bb7 19. Re3 f5 20. Rg3 Qf6 21. Re1
Red8 22. Rd1 Rd6 23. Qb4 Rad8 24. c3 Ba8 25. Qc5 a6 26. Bb3+ Kh8 27. Bc4 Qh4
28. Qxf5 c5 29. Qe5 Qf6 30. Qxc5 Qxf4 31. Rf1 Qd2 32. Qe5 R6d7 33. Rh3 a5 34.
Bb5 Rd6 35. Rg3 Rg8 36. Bc4 Rdd8 37. h4 Rde8 38. Qf4 e3 39. Bxg8 Rxg8 40. Qxe3
Qxb2 41. Rf2 1-0

[Event "2024 Norbert Muller Cup (Division A)"]
[Site "Woodvale, Perth WA AUS"]
[Date "2024.10.16"]
[Round "2"]
[White "Maris, Rob"]
[Black "Saxon, Marc"]
[Result "0-1"]
[ECO "A29"]
[WhiteElo "2088"]
[BlackElo "2030"]
[PlyCount "40"]
[EventDate "2024.10.09"]
[EventType "tourn"]
[EventRounds "7"]
[EventCountry "AUS"]
[TimeControl "3600+30"]

1. c4 Nf6 2. Nc3 d5 3. cxd5 Nxd5 4. g3 e5 5. Bg2 Be6 6. d3 Nc6 7. Nf3 h6 8. Bd2
Be7 9. Qc1 Qd7 10. h4 O-O-O 11. a3 f5 12. b4 Bf6 13. Rb1 Rhe8 14. Na4 e4 15.
dxe4 fxe4 16. Nc5 Qe7 17. Ng1 Bf5 18. g4 e3 19. gxf5 exd2+ 20. Qxd2 Bc3 0-1

[Event "2024 Norbert Muller Cup (Division A)"]
[Site "Woodvale, Perth WA AUS"]
[Date "2024.10.16"]
[Round "2"]
[White "Balavignan, Ashvin"]
[Black "Plaganyi, Gyula"]
[Result "1-0"]
[ECO "E11"]
[WhiteElo "2143"]
[BlackElo "2060"]
[BlackTitle "CM"]
[PlyCount "89"]
[EventDate "2024.10.09"]
[EventType "tourn"]
[EventRounds "7"]
[EventCountry "AUS"]
[TimeControl "3600+30"]

1. d4 Nf6 2. c4 e6 3. Nf3 Bb4+ 4. Bd2 Qe7 5. e3 b6 6. Bd3 Bb7 7. O-O O-O 8. Nc3
d6 9. Bc2 Nbd7 10. a3 Bxc3 11. Bxc3 Ne4 12. Be1 f5 13. d5 e5 14. Bxe4 fxe4 15.
Nd2 c6 16. dxc6 Bxc6 17. b4 b5 18. Nb3 Nf6 19. c5 d5 20. Bc3 Rfe8 21. Qe2 a6
22. Qb2 Rac8 23. Na5 Qe6 24. Nxc6 Rxc6 25. a4 Nd7 26. axb5 axb5 27. Qe2 Rb8 28.
Ra5 Ra6 29. Rxb5 Rba8 30. Rb7 Ra3 31. Qb5 Rxc3 32. Rxd7 Rca3 33. Qb7 Qf6 34.
Qxd5+ Kh8 35. h3 h6 36. Rd1 Kh7 37. Qxe4+ Kh8 38. Qd5 Rf8 39. Rf1 Rxe3 40. Qd6
Qxd6 41. Rxd6 Rb3 42. Rb6 Rf4 43. b5 Rfb4 44. c6 Rxb5 45. c7 1-0

[Event "2024 Norbert Muller Cup (Division B)"]
[Site "Woodvale, Perth WA AUS"]
[Date "2024.10.16"]
[Round "2"]
[White "Stortz, Robert"]
[Black "Kerr, Lennon"]
[Result "1-0"]
[ECO "D40"]
[WhiteElo "1838"]
[BlackElo "1691"]
[PlyCount "77"]
[EventDate "2024.10.09"]
[EventType "tourn"]
[EventRounds "7"]
[EventCountry "AUS"]
[TimeControl "3600+30"]

1. d4 d5 2. c4 e6 3. Nc3 Nf6 4. Nf3 c5 5. e3 Nc6 6. a3 Be7 7. dxc5 Bxc5 8. b4
Bb6 9. c5 Bc7 10. Bb2 a6 11. Bd3 O-O 12. h3 e5 13. Bc2 Be6 14. Ng5 Qd7 15. Nxe6
Qxe6 16. Bb3 Qd7 17. Nxd5 Nxd5 18. Qxd5 Qf5 19. Qc4 Rad8 20. O-O Rd2 21. Qc3
Rfd8 22. Rad1 Qd7 23. Rxd2 Qxd2 24. Rd1 Qe2 25. Re1 Qd2 26. Rd1 Qe2 27. Rxd8+
Nxd8 28. Qc1 e4 29. Bc4 Qh5 30. Qd2 h6 31. Qd7 b5 32. cxb6 Bxb6 33. Qe8+ Kh7
34. Qxe4+ f5 35. Qc2 Qg5 36. Qc3 Qg6 37. Bd3 Ne6 38. Qe5 Bc7 39. Qxf5 1-0

[Event "2024 Norbert Muller Cup (Division B)"]
[Site "Woodvale, Perth WA AUS"]
[Date "2024.10.16"]
[Round "2"]
[White "Roebuck, Derek"]
[Black "Elkington, Derek"]
[Result "0-1"]
[ECO "B40"]
[WhiteElo "1774"]
[BlackElo "1891"]
[PlyCount "62"]
[EventDate "2024.10.09"]
[EventType "tourn"]
[EventRounds "7"]
[EventCountry "AUS"]
[TimeControl "3600+30"]

1. e4 c5 2. Nf3 e6 3. d4 cxd4 4. Nxd4 Qb6 5. Be3 Bc5 6. Na3 a6 7. Nc4 Qc7 8.
Qg4 g6 9. Qf3 b5 10. Nd2 Bb7 11. Bd3 f5 12. N4b3 Bd6 13. g3 h6 14. c4 Nc6 15.
Qe2 Nf6 16. cxb5 Ne5 17. Rc1 Nxd3+ 18. Qxd3 Qb8 19. f3 axb5 20. exf5 exf5 21.
O-O Bxg3 22. hxg3 Qxg3+ 23. Kh1 Rg8 24. Qe2 Ng4 25. Qg2 Qxg2+ 26. Kxg2 Nxe3+
27. Kf2 Nxf1 28. Kxf1 Rxa2 29. Rc7 Bc6 30. Rc8+ Kf7 31. Rc7 Rxb2 0-1

[Event "2024 Norbert Muller Cup (Division B)"]
[Site "Woodvale, Perth WA AUS"]
[Date "2024.10.16"]
[Round "2"]
[White "Doshi, Chirag"]
[Black "Knight, Charles"]
[Result "1-0"]
[ECO "B34"]
[WhiteElo "1845"]
[BlackElo "1673"]
[PlyCount "39"]
[EventDate "2024.10.09"]
[EventType "tourn"]
[EventRounds "7"]
[EventCountry "AUS"]
[TimeControl "3600+30"]

1. e4 c5 2. Nf3 Nc6 3. d4 cxd4 4. Nxd4 g6 5. Nxc6 bxc6 6. Qd4 Nf6 7. e5 Nd5 8.
e6 Nf6 9. exf7+ Kxf7 10. Qc4+ e6 11. Bg5 Qa5+ 12. Bd2 Qe5+ 13. Be2 Qxb2 14. O-O
Qb6 15. Bc3 d5 16. Qf4 Bg7 17. Nd2 Qd8 18. Nf3 Qe8 19. Qc7+ Qd7 20. Ne5+ 1-0

[Event "2024 Norbert Muller Cup (Division B)"]
[Site "Woodvale, Perth WA AUS"]
[Date "2024.10.16"]
[Round "2"]
[White "Leonhardt, Wolfgang"]
[Black "Gough, Dylan"]
[Result "1-0"]
[ECO "C02"]
[WhiteElo "1680"]
[BlackElo "1829"]
[PlyCount "137"]
[EventDate "2024.10.09"]
[EventType "tourn"]
[EventRounds "7"]
[EventCountry "AUS"]
[TimeControl "3600+30"]

1. e4 e6 2. d4 d5 3. e5 c5 4. c3 Nc6 5. b3 Qb6 6. Nf3 cxd4 7. Be2 dxc3 8. Nxc3
Bb4 9. Bd2 Nge7 10. a3 Bxc3 11. Bxc3 Ng6 12. O-O Bd7 13. a4 O-O 14. a5 Qd8 15.
a6 b6 16. b4 Rc8 17. Qd2 Nh4 18. Nxh4 Qxh4 19. f4 Qd8 20. Rf3 b5 21. Rh3 Qb6+
22. Kh1 Ne7 23. Bd4 Qc7 24. Bc5 Bc6 25. Bd3 h6 26. Qf2 f5 27. Bxa7 Ng6 28. Bc5
Rf7 29. a7 Qb7 30. Be2 Rd7 {(=)} 31. Qg3 Kh7 32. Bh5 Nh8 33. Qf2 Qa8 34. Kg1
Rg8 35. Kf1 d4 36. Raa3 Be4 37. Be2 Rgd8 38. Bd3 Bc6 39. g4 Be4 40. gxf5 exf5
41. e6 Rc7 42. Bxb5 d3 43. Bxd3 Bxd3+ 44. Rhxd3 Qh1+ 45. Ke2 Qe4+ 46. Qe3 Qg2+
47. Kd1 Qh1+ 48. Kc2 Qxh2+ 49. Qd2 Rxd3 50. Rxd3 Qh1 51. e7 Qe4 52. Kb3 Ng6 53.
Re3 Qb1+ 54. Qb2 Qd1+ 55. Ka3 Nxe7 56. a8=Q Nd5 57. Re8 Qf3+ 58. Re3 Qd1 59.
Re8 Qd3+ 60. Ka4 Qd1+ 61. Ka5 Qf1 62. Rh8+ Kg6 63. Qe8+ Rf7 64. Qe6+ Nf6 65.
Qba2 Rb7 66. Qa4 Qxf4 67. Qee8+ Kg5 68. Be3 Ra7+ 69. Kb6 1-0

[Event "2024 Norbert Muller Cup (Division C)"]
[Site "Woodvale, Perth WA AUS"]
[Date "2024.10.16"]
[Round "2"]
[White "Verma, Abhinav"]
[Black "Sethuraman, Jaswanth Ram"]
[Result "1-0"]
[ECO "D56"]
[WhiteElo "1599"]
[BlackElo "1526"]
[PlyCount "85"]
[EventDate "2024.10.09"]
[EventType "tourn"]
[EventRounds "7"]
[EventCountry "AUS"]
[TimeControl "3600+30"]

1. d4 d5 2. c4 e6 3. Nc3 Nf6 4. Bg5 Be7 5. e3 Nc6 6. Nf3 O-O 7. a3 h6 8. Bh4
Ne4 9. Bxe7 Qxe7 10. Nxe4 dxe4 11. Nd2 f5 12. Be2 b6 13. O-O Bb7 14. f3 exf3
15. Bxf3 Qg5 16. Re1 Rab8 17. b4 Ne7 18. Bxb7 Rxb7 19. Nf3 Qf6 20. Rc1 Rd8 21.
Qe2 Ng6 22. c5 bxc5 23. Rxc5 Rd6 24. Qc4 Rd7 25. Rc6 Re7 26. d5 exd5 27. Qa6
Rb6 28. Rxf6 Rxf6 29. Qxa7 Rfe6 30. Qa8+ Re8 31. Qxd5 Kh7 32. Qxf5 Rf6 33. Qc2
Re7 34. Nh4 Ref7 35. Nxg6 Rxg6 36. a4 Rff6 37. Qxc7 Rc6 38. Qf4 Rc2 39. Qf3 Ra2
40. a5 Rb2 41. Ra1 Rxb4 42. a6 Rb8 43. a7 1-0